| TOP OF THE 1ST |
|
Texas Rangers batting - Pitching for Minnesota Twins : RHP Luis Sanchez
|
|
Pitching: RHP Luis Sanchez
|
|
|
Batting: SHB Jun Tsuda
|
0-0: Foul Ball, location: 2F 0-1: Foul Ball, location: 2F 0-2: Ball 1-2: Foul Ball, location: 2F 1-2: Ground out 3-1 (Groundball, 34S, EV 90.0 MPH)
|
|
Batting: LHB Sean Geisler
|
0-0: Foul Ball, location: 2F 0-1: Ball 1-1: Ball 2-1: Ground out 4-3 (Groundball, 4, EV 85.0 MPH)
|
|
Batting: SHB Moe Lester
|
0-0: Ball 1-0: Ball 2-0: Ball 3-0: Base on Balls
|
|
Batting: RHB Butch Kaiser
|
0-0: Ball Moe Lester steals 2nd base 1-0: Called Strike 1-1: Foul Ball, location: 2F 1-2: Ball 2-2: SINGLE (Groundball, 4MD, EV 96.9 MPH) Moe Lester to third Runner from 3rd tries for Home, SAFE, throw by CF to home
|
|
Batting: LHB Josh Cook
|
0-0: Ball 1-0: Ball 2-0: Ball 3-0: Called Strike 3-1: Base on Balls Butch Kaiser to second
|
|
Batting: LHB Cody Schumacher
|
0-0: Called Strike 0-1: Ball 1-1: Called Strike 1-2: Ball 2-2: Foul Ball, location: 2F 2-2: Fly out, F9 (Flyball, 9LM, EV 91.9 MPH)
|
| Top of the 1st over - 1 run, 1 hit, 0 errors, 2 left on base; Texas 1 - Minnesota 0 |
| BOTTOM OF THE 1ST |
|
Minnesota Twins batting - Pitching for Texas Rangers : LHP Wayne Perry
|
|
Pitching: LHP Wayne Perry
|
|
|
Batting: RHB Danny Anderson
|
0-0: Called Strike 0-1: Foul Ball, location: 2F 0-2: Ball 1-2: Fly out, F7 (Line Drive, 7S, EV 98.1 MPH)
|
|
Batting: RHB Bobby Ayala
|
0-0: Ball 1-0: Foul Ball, location: 2F 1-1: Ground out 6-3 (Groundball, 6, EV 101.2 MPH)
|
|
Batting: RHB Kevin Howard
|
0-0: Called Strike 0-1: Swinging Strike 0-2: Foul Ball, location: 2F 0-2: Ball 1-2: Strikes out swinging
|
| Bottom of the 1st over - 0 runs, 0 hits, 0 errors, 0 left on base; Texas 1 - Minnesota 0 |
| TOP OF THE 2ND |
|
Texas Rangers batting - Pitching for Minnesota Twins : RHP Luis Sanchez
|
|
Batting: LHB Andy Bowman
|
0-0: Called Strike 0-1: Ball 1-1: Foul Ball, location: 2F 1-2: Ball 2-2: Ball 3-2: Strikes out swinging
|
|
Batting: RHB Cody Flowers
|
0-0: Called Strike 0-1: Ball 1-1: Foul Ball, location: 2F 1-2: Ball 2-2: Strikes out swinging
|
|
Batting: RHB Jerry Jauregui
|
0-0: Called Strike 0-1: Ball 1-1: Foul Ball, location: 2F 1-2: Ball 2-2: Fly out, F8 (Flyball, 78M, EV 92.5 MPH)
|
| Top of the 2nd over - 0 runs, 0 hits, 0 errors, 0 left on base; Texas 1 - Minnesota 0 |
| BOTTOM OF THE 2ND |
|
Minnesota Twins batting - Pitching for Texas Rangers : LHP Wayne Perry
|
|
Batting: RHB Austin Mickelson
|
0-0: Ball 1-0: Foul Ball, location: 2F 1-1: SINGLE (Line Drive, 8LS, EV 91.9 MPH)
|
|
Batting: RHB Danny Eberhart
|
0-0: Ball 1-0: Foul Ball, location: 2F 1-1: Called Strike 1-2: Ball 2-2: SINGLE (Groundball, 4S, EV 75.6 MPH) (infield hit) Austin Mickelson to second
|
|
Batting: LHB Willis Robles
|
0-0: Ball 1-0: Swinging Strike 1-1: Ball 2-1: Ball 3-1: Base on Balls Austin Mickelson to third Danny Eberhart to second
|
|
Batting: RHB Mike Quackenbush
|
0-0: Ball 1-0: Foul Ball, location: 2F 1-1: Foul Ball, location: 2F 1-2: Foul Ball, location: 2F 1-2: TRIPLE (Flyball, 78XD, EV 106.9 MPH) Austin Mickelson scores Danny Eberhart scores Willis Robles scores
|
|
Batting: LHB Alejandro Soriano
|
0-0: Foul Ball, location: 2F 0-1: Ground out U3 (Groundball, 3, EV 90.0 MPH)
|
|
Batting: RHB Doug Lane
|
0-0: Called Strike 0-1: Foul Ball, location: 2F 0-2: Ball 1-2: Strikes out swinging
|
|
Batting: RHB Danny Anderson
|
0-0: Ball Wild Pitch! Mike Quackenbush scores 1-0: Ball 2-0: SINGLE (Groundball, 5S, EV 70.6 MPH) (infield hit)
|
|
Batting: RHB Bobby Ayala
|
0-0: Ball 1-0: Ball 2-0: Called Strike 2-1: Ball Wild Pitch! Danny Anderson to second 3-1: Base on Balls
|
|
Batting: RHB Kevin Howard
|
0-0: Ball 1-0: Ball 2-0: Called Strike 2-1: Foul Ball, location: 2F 2-2: Ball 3-2: Base on Balls Danny Anderson to third Bobby Ayala to second
|
|
Batting: RHB Austin Mickelson
|
0-0: Ball 1-0: Ball 2-0: Called Strike 2-1: Foul Ball, location: 2F 2-2: Strikes out swinging
|
| Bottom of the 2nd over - 4 runs, 4 hits, 0 errors, 3 left on base; Texas 1 - Minnesota 4 |
| TOP OF THE 3RD |
|
Texas Rangers batting - Pitching for Minnesota Twins : RHP Luis Sanchez
|
|
Batting: SHB Jun Tsuda
|
0-0: Swinging Strike 0-1: Fly out, F4 (Line Drive, 34, EV 98.1 MPH)
|
|
Batting: LHB Sean Geisler
|
0-0: Ball 1-0: Ball 2-0: Ball 3-0: Called Strike 3-1: Called Strike 3-2: Fly out, F8 (Flyball, 8RD, EV 106.9 MPH)
|
|
Batting: SHB Moe Lester
|
0-0: Foul Ball, location: 2F 0-1: Ball 1-1: Ball 2-1: Foul Ball, location: 2F 2-2: Ball 3-2: SOLO HOME RUN (Flyball, 9LD, EV 94.4 MPH), Distance : 346 ft
|
|
Batting: RHB Butch Kaiser
|
0-0: Swinging Strike 0-1: SINGLE (Groundball, 6MD, EV 105.6 MPH)
|
|
Batting: LHB Josh Cook
|
0-0: Ground out 4-3 (Groundball, 4, EV 83.1 MPH)
|
| Top of the 3rd over - 1 run, 2 hits, 0 errors, 1 left on base; Texas 2 - Minnesota 4 |
| BOTTOM OF THE 3RD |
|
Minnesota Twins batting - Pitching for Texas Rangers : LHP Wayne Perry
|
|
Batting: RHB Danny Eberhart
|
0-0: Called Strike 0-1: Fly out, F8 (Flyball, 8LM, EV 92.5 MPH)
|
|
Batting: LHB Willis Robles
|
0-0: Fly out, F8 (Line Drive, 8LS, EV 92.5 MPH)
|
|
Batting: RHB Mike Quackenbush
|
0-0: Called Strike 0-1: Ball 1-1: Ball 2-1: Swinging Strike 2-2: SINGLE (Groundball, 6MD, EV 98.1 MPH)
|
|
Batting: LHB Alejandro Soriano
|
0-0: Ball 1-0: Foul Ball, location: 2F 1-1: Ball 2-1: Called Strike 2-2: SINGLE (Groundball, 34, EV 96.2 MPH) Mike Quackenbush to second Mike Quackenbush to third
|
|
Batting: RHB Doug Lane
|
0-0: Ball 1-0: Called Strike Alejandro Soriano steals 2nd base 1-1: Swinging Strike 1-2: Ball 2-2: Strikes out swinging
|
| Bottom of the 3rd over - 0 runs, 2 hits, 0 errors, 2 left on base; Texas 2 - Minnesota 4 |
| TOP OF THE 4TH |
|
Texas Rangers batting - Pitching for Minnesota Twins : RHP Luis Sanchez
|
|
Batting: LHB Cody Schumacher
|
0-0: SINGLE (Groundball, 4MD, EV 96.9 MPH)
|
|
Batting: LHB Andy Bowman
|
0-0: Called Strike 0-1: Called Strike 0-2: Fly out, F7 (Flyball, 7, EV 82.5 MPH)
|
|
Batting: RHB Cody Flowers
|
0-0: Ball 1-0: Ball 2-0: Foul Ball, location: 2F 2-1: Ball 3-1: Foul Ball, location: 2F 3-2: Ground out 4-3 (Groundball, 34, EV 108.8 MPH) Cody Schumacher to second
|
|
Batting: RHB Jerry Jauregui
|
0-0: Called Strike 0-1: Ball 1-1: SINGLE (Groundball, 56D, EV 96.2 MPH) Cody Schumacher to third Runner from 3rd tries for Home, SAFE, throw by LF to home
|
|
Batting: SHB Jun Tsuda
|
0-0: Called Strike 0-1: Ball 1-1: Foul Ball, location: 2F 1-2: Fielders Choice at 2nd, 5-6 (Groundball, 6, EV 104.4 MPH)
|
| Top of the 4th over - 1 run, 2 hits, 0 errors, 1 left on base; Texas 3 - Minnesota 4 |
| BOTTOM OF THE 4TH |
|
Minnesota Twins batting - Pitching for Texas Rangers : LHP Wayne Perry
|
|
Batting: RHB Danny Anderson
|
0-0: Called Strike 0-1: Swinging Strike 0-2: Strikes out swinging
|
|
Batting: RHB Bobby Ayala
|
0-0: Ball 1-0: Called Strike 1-1: Ball 2-1: Ball 3-1: Base on Balls
|
|
Batting: RHB Kevin Howard
|
0-0: Ball Wild Pitch! Bobby Ayala to second 1-0: Called Strike 1-1: Ball 2-1: Ball 3-1: Base on Balls
|
|
Batting: RHB Austin Mickelson
|
0-0: Ball 1-0: Ball 2-0: Swinging Strike 2-1: Ball 3-1: Swinging Strike 3-2: Base on Balls Bobby Ayala to third Kevin Howard to second
|
|
Batting: RHB Danny Eberhart
|
0-0: Called Strike 0-1: Ball 1-1: Swinging Strike 1-2: DOUBLE (Flyball, 89XD, EV 100.0 MPH) Bobby Ayala scores Kevin Howard scores Austin Mickelson to third
|
|
Pitching: RHP Dustin Noriega
|
|
|
Batting: LHB Willis Robles
|
0-0: Ball 1-0: Fly out, F6 (Popup, 6, EV 72.5 MPH)
|
|
Batting: RHB Mike Quackenbush
|
0-0: Called Strike 0-1: Ball 1-1: Ball 2-1: Ball 3-1: Called Strike 3-2: Strikes out swinging
|
| Bottom of the 4th over - 2 runs, 1 hit, 0 errors, 2 left on base; Texas 3 - Minnesota 6 |
| TOP OF THE 5TH |
|
Texas Rangers batting - Pitching for Minnesota Twins : RHP Luis Sanchez
|
|
Batting: LHB Sean Geisler
|
0-0: Called Strike 0-1: Called Strike 0-2: Ball 1-2: Ball 2-2: Foul Ball, location: 2F 2-2: Ball 3-2: SINGLE (Groundball, 56, EV 95.0 MPH)
|
|
Batting: SHB Moe Lester
|
0-0: Ball Sean Geisler steals 2nd base 1-0: Ball 2-0: Ball 3-0: TRIPLE (Line Drive, 9LD, EV 107.5 MPH) Sean Geisler scores
|
|
Batting: RHB Butch Kaiser
|
0-0: SINGLE (Groundball, 4MS, EV 67.5 MPH) (infield hit) Moe Lester scores
|
|
Pitching: RHP Luis Guerrero
|
|
|
Batting: LHB Josh Cook
|
0-0: Foul Ball, location: 2F 0-1: Ball 1-1: Called Strike 1-2: Ball 2-2: Strikes out swinging
|
|
Batting: LHB Cody Schumacher
|
0-0: Called Strike 0-1: Swinging Strike 0-2: Foul Ball, location: 2F 0-2: Fly out, F5 (Popup, 5SF, EV 69.4 MPH)
|
|
Batting: LHB Andy Bowman
|
0-0: Fielders Choice at 2nd, U6 (Groundball, 4MD, EV 80.6 MPH)
|
| Top of the 5th over - 2 runs, 3 hits, 0 errors, 1 left on base; Texas 5 - Minnesota 6 |
| BOTTOM OF THE 5TH |
|
Minnesota Twins batting - Pitching for Texas Rangers : RHP Dustin Noriega
|
|
Batting: LHB Alejandro Soriano
|
0-0: Ball 1-0: Called Strike 1-1: Foul Ball, location: 2F 1-2: Ball 2-2: SOLO HOME RUN (Flyball, 9D, EV 106.9 MPH), Distance : 401 ft
|
|
Batting: RHB Doug Lane
|
0-0: Foul Ball, location: 2F 0-1: Foul Ball, location: 2F 0-2: Ball 1-2: Ball 2-2: Ball 3-2: Base on Balls
|
|
Batting: RHB Danny Anderson
|
0-0: Sac Bunt to 5S - play at first, batter OUT! 5-3 Doug Lane to second
|
|
Batting: RHB Bobby Ayala
|
0-0: Ball 1-0: Ball 2-0: Ball 3-0: Called Strike 3-1: Base on Balls
|
|
Batting: RHB Kevin Howard
|
0-0: Called Strike 0-1: Fly out, F9 (Flyball, 9, EV 78.8 MPH)
|
|
Batting: RHB Austin Mickelson
|
0-0: Ball 1-0: Ball 2-0: Ball 3-0: Called Strike 3-1: Swinging Strike 3-2: Strikes out swinging
|
| Bottom of the 5th over - 1 run, 1 hit, 0 errors, 2 left on base; Texas 5 - Minnesota 7 |
| TOP OF THE 6TH |
|
Texas Rangers batting - Pitching for Minnesota Twins : RHP Luis Guerrero
|
|
Batting: RHB Cody Flowers
|
0-0: Ball 1-0: Ball 2-0: Ground out 6-3 (Groundball, 6MD, EV 78.1 MPH)
|
|
Batting: RHB Jerry Jauregui
|
0-0: Ground out U3 (Groundball, 3, EV 106.2 MPH)
|
|
Batting: SHB Jun Tsuda
|
0-0: Called Strike 0-1: Foul Ball, location: 2F 0-2: Ball 1-2: Foul Ball, location: 2F 1-2: Foul Ball, location: 2F 1-2: SOLO HOME RUN (Flyball, 9LD, EV 98.8 MPH), Distance : 369 ft
|
|
Batting: LHB Sean Geisler
|
0-0: Called Strike 0-1: Foul Ball, location: 2F 0-2: Ball 1-2: Ball 2-2: Ball 3-2: DOUBLE (Line Drive, 9LM, EV 112.5 MPH)
|
|
Batting: SHB Moe Lester
|
0-0: Ball 1-0: Ball 2-0: Ball 3-0: Foul Ball, location: 2F 3-1: Base on Balls
|
|
Batting: RHB Butch Kaiser
|
0-0: Called Strike 0-1: Called Strike 0-2: Ball 1-2: Strikes out swinging
|
| Top of the 6th over - 1 run, 2 hits, 0 errors, 2 left on base; Texas 6 - Minnesota 7 |
| BOTTOM OF THE 6TH |
|
Minnesota Twins batting - Pitching for Texas Rangers : RHP Dustin Noriega
|
|
Batting: RHB Danny Eberhart
|
0-0: Ball 1-0: Swinging Strike 1-1: Ball 2-1: Ball 3-1: Base on Balls
|
|
Batting: LHB Willis Robles
|
0-0: Ball 1-0: Foul Ball, location: 2F 1-1: Ball 2-1: Foul Ball, location: 2F 2-2: Ball 3-2: Base on Balls Danny Eberhart to second
|
|
Batting: RHB Mike Quackenbush
|
0-0: Fielders Choice at 2nd, 6-4 (Groundball, 6, EV 83.8 MPH) Danny Eberhart to third
|
|
Batting: LHB Alejandro Soriano
|
0-0: Called Strike 0-1: Ball 1-1: Ball 2-1: DOUBLE (Groundball, 5L, EV 102.5 MPH) Danny Eberhart scores Mike Quackenbush to third Runner from 3rd tries for Home, SAFE, no throw by LF
|
|
Pitching: RHP Josh Sabatino
|
|
|
Batting: RHB Doug Lane
|
0-0: Foul Ball, location: 2F 0-1: Ball 1-1: Ground out 6-3 (Groundball, 6, EV 81.9 MPH) Alejandro Soriano to third
|
|
Batting: RHB Danny Anderson
|
0-0: Ball 1-0: Called Strike 1-1: Called Strike 1-2: Strikes out swinging
|
| Bottom of the 6th over - 2 runs, 1 hit, 0 errors, 1 left on base; Texas 6 - Minnesota 9 |
| TOP OF THE 7TH |
|
Texas Rangers batting - Pitching for Minnesota Twins : RHP Luis Guerrero
|
|
Pitching: RHP Jimmy Seager
|
|
|
Now in LF: Hildo Pot
|
|
|
Batting: LHB Josh Cook
|
0-0: Called Strike 0-1: Ball 1-1: Foul Ball, location: 2F 1-2: Ball 2-2: Ground out 5-3 (Groundball, 5S, EV 67.5 MPH)
|
|
Batting: LHB Cody Schumacher
|
0-0: Called Strike 0-1: Fly out, F7 (Flyball, 78D, EV 87.5 MPH)
|
|
Batting: LHB Andy Bowman
|
0-0: Ball 1-0: Called Strike 1-1: Called Strike 1-2: Foul Ball, location: 2F 1-2: Foul Ball, location: 2F 1-2: Ball 2-2: Ball 3-2: Base on Balls
|
|
Batting: RHB Cody Flowers
|
0-0: Ball 1-0: Called Strike 1-1: Called Strike Andy Bowman steals 2nd, throwing error, E2 Andy Bowman to third 1-2: Foul Ball, location: 2F 1-2: Ball 2-2: Ball 3-2: Foul Ball, location: 2F 3-2: Foul Ball, location: 2F 3-2: Strikes out swinging
|
| Top of the 7th over - 0 runs, 0 hits, 1 error, 1 left on base; Texas 6 - Minnesota 9 |
| BOTTOM OF THE 7TH |
|
Minnesota Twins batting - Pitching for Texas Rangers : RHP Josh Sabatino
|
|
Pitching: RHP Kyle Curve
|
|
|
Batting: RHB Bobby Ayala
|
0-0: SINGLE (Line Drive, 78M, EV 104.4 MPH)
|
|
Batting: RHB Kevin Howard
|
0-0: Called Strike 0-1: Swinging Strike 0-2: Foul Ball, location: 2F 0-2: Ball 1-2: Ball 2-2: Ball 3-2: Strikes out swinging Bobby Ayala is caught stealing 2nd base 2-4 Batter strikes out.
|
|
Batting: RHB Austin Mickelson
|
0-0: Called Strike 0-1: Ball 1-1: Foul Ball, location: 2F 1-2: Ball 2-2: Foul Ball, location: 2F 2-2: Ball 3-2: Strikes out swinging, 2-3 out at first.
|
| Bottom of the 7th over - 0 runs, 1 hit, 0 errors, 0 left on base; Texas 6 - Minnesota 9 |
| TOP OF THE 8TH |
|
Texas Rangers batting - Pitching for Minnesota Twins : RHP Jimmy Seager
|
|
Pitching: RHP David Silva
|
|
|
Batting: RHB Jerry Jauregui
|
0-0: Called Strike 0-1: DOUBLE (Line Drive, 89D, EV 101.2 MPH)
|
|
Batting: SHB Jun Tsuda
|
0-0: Fly out, F4 (Popup, 34D, EV 48.1 MPH)
|
|
Batting: LHB Sean Geisler
|
0-0: Swinging Strike 0-1: Foul Ball, location: 2F 0-2: Ball 1-2: Ball 2-2: DOUBLE (Line Drive, 89XD, EV 104.4 MPH) Jerry Jauregui scores
|
|
Batting: SHB Moe Lester
|
0-0: Ball 1-0: Fly out, F2 (Popup, 25F, EV 82.5 MPH)
|
|
Batting: RHB Butch Kaiser
|
0-0: SINGLE (Groundball, 25, EV 64.4 MPH) (infield hit) Sean Geisler to third
|
|
Batting: LHB Josh Cook
|
0-0: Called Strike 0-1: Foul Ball, location: 2F 0-2: Strikes out swinging
|
| Top of the 8th over - 1 run, 3 hits, 0 errors, 2 left on base; Texas 7 - Minnesota 9 |
| BOTTOM OF THE 8TH |
|
Minnesota Twins batting - Pitching for Texas Rangers : RHP Kyle Curve
|
|
Pitching: RHP Mike Webb
|
|
|
Batting: RHB Danny Eberhart
|
0-0: Ball 1-0: Foul Ball, location: 2F 1-1: Swinging Strike 1-2: Strikes out looking
|
|
Batting: RHB Hildo Pot
|
0-0: Ball 1-0: Ball 2-0: Called Strike 2-1: SINGLE (Flyball, 56D, EV 97.5 MPH)
|
|
Batting: RHB Mike Quackenbush
|
0-0: Called Strike Hildo Pot steals 2nd base 0-1: Hit by Pitch
|
|
Batting: LHB Alejandro Soriano
|
0-0: Ball 1-0: Called Strike 1-1: Ball 2-1: Called Strike 2-2: Foul Ball, location: 2F 2-2: Foul Ball, location: 2F 2-2: Strikes out swinging
|
|
Batting: RHB Doug Lane
|
0-0: Ball 1-0: Foul Ball, location: 2F 1-1: Fly out, F9 (Flyball, 89M, EV 91.9 MPH)
|
| Bottom of the 8th over - 0 runs, 1 hit, 0 errors, 2 left on base; Texas 7 - Minnesota 9 |
| TOP OF THE 9TH |
|
Texas Rangers batting - Pitching for Minnesota Twins : RHP David Silva
|
|
Pitching: RHP Mark Case
|
|
|
Batting: LHB Cody Schumacher
|
0-0: Called Strike 0-1: Ball 1-1: Swinging Strike 1-2: SINGLE (Flyball, 56D, EV 93.8 MPH)
|
|
Batting: LHB Andy Bowman
|
0-0: Foul Ball, location: 2F 0-1: Ball 1-1: Foul Ball, location: 2F 1-2: DOUBLE (Flyball, 89XD, EV 105.6 MPH) Cody Schumacher to third
|
|
Pinch Hitting: LHB Josh Stuck
|
0-0: Called Strike 0-1: Ground out 4-3 (Groundball, 34D, EV 88.8 MPH) Cody Schumacher scores Andy Bowman to third
|
|
Batting: RHB Jerry Jauregui
|
0-0: Swinging Strike 0-1: Called Strike 0-2: Ball 1-2: Foul Ball, location: 2F 1-2: Fly out, F8 (Line Drive, 8LM, EV 93.1 MPH) Runner from 3rd tags up, SCORES, throw by CF
|
|
Batting: SHB Jun Tsuda
|
0-0: Ball 1-0: Ball 2-0: Ball 3-0: Base on Balls
|
|
Batting: LHB Sean Geisler
|
0-0: Ball 1-0: Hit by Pitch Jun Tsuda to second
|
|
Batting: SHB Moe Lester
|
0-0: Called Strike 0-1: Ball 1-1: Fly out, F7 (Flyball, 78S, EV 96.2 MPH)
|
| Top of the 9th over - 2 runs, 2 hits, 0 errors, 2 left on base; Texas 9 - Minnesota 9 |
| BOTTOM OF THE 9TH |
|
Minnesota Twins batting - Pitching for Texas Rangers : RHP Mike Webb
|
|
Pitching: LHP Jon Valdovinos
|
|
|
Now at 2B: Ray Llewellyn
|
|
|
Now at 3B: Josh Cook
|
|
|
Batting: RHB Danny Anderson
|
0-0: Ball 1-0: Ball 2-0: Called Strike 2-1: Foul Ball, location: 2F 2-2: Strikes out swinging, 2-3 out at first.
|
|
Batting: RHB Bobby Ayala
|
0-0: Called Strike 0-1: Ball 1-1: Swinging Strike 1-2: Ball 2-2: Strikes out swinging
|
|
Batting: RHB Kevin Howard
|
0-0: Ball 1-0: Called Strike 1-1: Ball 2-1: Ball 3-1: Ground out 6-3 (Groundball, 6, EV 92.5 MPH)
|
| Bottom of the 9th over - 0 runs, 0 hits, 0 errors, 0 left on base; Texas 9 - Minnesota 9 |
| TOP OF THE 10TH |
|
Texas Rangers batting - Pitching for Minnesota Twins : RHP Mark Case
|
|
Pitching: RHP Harry Pratt
|
|
|
Batting: RHB Butch Kaiser
|
0-0: Foul Ball, location: 2F 0-1: Called Strike 0-2: Foul Ball, location: 2F 0-2: Ball 1-2: Foul Ball, location: 2F 1-2: Foul Ball, location: 2F 1-2: Strikes out swinging
|
|
Batting: LHB Josh Cook
|
0-0: SOLO HOME RUN (Flyball, 7LD, EV 91.9 MPH), Distance : 355 ft
|
|
Batting: LHB Cody Schumacher
|
0-0: Called Strike 0-1: Called Strike 0-2: Ball 1-2: Fly out, F7 (Flyball, 7, EV 73.1 MPH)
|
|
Batting: LHB Andy Bowman
|
0-0: Ball 1-0: Called Strike 1-1: Foul Ball, location: 2F 1-2: Strikes out swinging
|
| Top of the 10th over - 1 run, 1 hit, 0 errors, 0 left on base; Texas 10 - Minnesota 9 |
| BOTTOM OF THE 10TH |
|
Minnesota Twins batting - Pitching for Texas Rangers : LHP Jon Valdovinos
|
|
Batting: RHB Austin Mickelson
|
0-0: Ground out 6-3 (Groundball, 56, EV 95.6 MPH)
|
|
Batting: RHB Danny Eberhart
|
0-0: Ball 1-0: Swinging Strike 1-1: Called Strike 1-2: Ball 2-2: Strikes out swinging
|
|
Batting: RHB Hildo Pot
|
0-0: Called Strike 0-1: Ball 1-1: Swinging Strike 1-2: Ball 2-2: Ball 3-2: SINGLE (Groundball, 56, EV 98.8 MPH) (infield hit)
|
|
Batting: RHB Mike Quackenbush
|
0-0: Ball 1-0: Called Strike 1-1: Ball 2-1: Swinging Strike 2-2: Strikes out swinging
|
| Bottom of the 10th over - 0 runs, 1 hit, 0 errors, 1 left on base; Texas 10 - Minnesota 9 |
|